 Dungeon Crawl Stone Soup version 0.27.0-66-gdc8fb28755 (webtiles) character file.

Game seed: 996940101628190160

35 packetloss the Ducker (level 3, -2/28 HPs)
             Began as a Gnoll Wanderer on Aug 20, 2021.
             Killed by divine providence
             ... invoked by an orc priest
              (16 damage)
             ... on level 2 of the Dungeon.
             The game lasted 00:04:08 (2334 turns).

packetloss the Ducker (Gnoll Wanderer)              Turns: 2334, Time: 00:04:09

Health: -2/28      AC:  5    Str: 10    XL:     3   Next: 33%
Magic:  4/4        EV: 11    Int: 12    God:
Gold:   78         SH:  0    Dex: 12    Spells: 3/3 levels left

rFire    . . .     SeeInvis .   a - +2 falchion
rCold    . . .     Faith    .   (no shield)
rNeg     . . .     Spirit   .   n - +0 ring mail
rPois    .         Reflect  .   (no helmet)
rElec    .         Harm     .   (no cloak)
rCorr    .         Rampage  .   (no gloves)
Will     .....                  (no boots)
Stlth    ++........             (no amulet)
HPRegen  0.09/turn              (no ring)
MPRegen  0.09/turn              (no ring)

@: no status effects
A: fangs 1, strong nose, distributed training
a: no special abilities


You were on level 2 of the Dungeon.
You visited 1 branch of the dungeon, and saw 2 of its levels.

You collected 78 gold pieces.

Inventory:

Hand Weapons
 a - a +2 falchion (weapon)
 d - a +0 dagger
 o - a +0 trident
Missiles
 c - 31 poisoned darts (quivered)
 g - 25 arrows
 p - 5 boomerangs of dispersal
Armour
 e - a +0 robe
 i - a +0 chain mail
 n - a +0 ring mail (worn)
Wands
 q - a wand of charming (14)
Scrolls
 f - a scroll of identify {unknown}
 h - a scroll of enchant weapon {unknown}
 j - a scroll of fog {unknown}
 m - a scroll of enchant armour {unknown}
Potions
 b - a potion of lignification
 k - a potion of curing {unknown}
 l - 2 potions of heal wounds {unknown}


   Skills:
 + Level 2.6 Fighting
 + Level 4.5 Short Blades
 + Level 4.5 Long Blades
 + Level 0.7 Axes
 + Level 0.7 Maces & Flails
 + Level 0.7 Polearms
 + Level 0.7 Staves
 + Level 0.7 Slings
 + Level 0.7 Bows
 + Level 0.7 Crossbows
 + Level 2.6 Throwing
 + Level 0.7 Armour
 + Level 4.5 Dodging
 + Level 4.1 Stealth
 + Level 0.7 Shields
 + Level 0.7 Unarmed Combat
 + Level 0.7 Spellcasting
 + Level 0.5 Conjurations
 + Level 0.5 Hexes
 + Level 0.5 Summonings
 + Level 0.5 Necromancy
 + Level 0.5 Translocations
 + Level 0.5 Transmutations
 + Level 0.5 Fire Magic
 + Level 0.5 Ice Magic
 + Level 0.5 Air Magic
 + Level 0.5 Earth Magic
 + Level 0.5 Poison Magic
 + Level 0.9 Invocations
 + Level 0.7 Evocations


You had 3 spell levels left.
You didn't know any spells.
Your spell library contained the following spells:

 Spells                   Type           Power      Damage    Failure   Level
 Portal Projectile        Hex/Tloc       2%         N/A       89%         3
 Blade Hands              Tmut           0%         N/A       100%        5
 Excruciating Wounds      Necr           0%         N/A       100%        5


Dungeon Overview and Level Annotations

Branches:
Dungeon (2/15)

Altars:

Shops:
D:1 =*?(


Innate Abilities, Weirdness & Mutations

You have very sharp teeth.
Your uncanny sense of smell can sniff out nearby items.
Your experience applies equally to all skills.


Message History

Health restored: 28
Things that are here:
a +0 hand axe; a +0 leather armour You now have 78 gold pieces (gained 12).
You see here a +0 dagger.
q - a wand of charming (14)
An orc priest is nearby!
Spoiler Alert: The orc priest (wandering) can smite you!
The orc priest shouts!
The orc priest calls down the wrath of Beogh upon you.
You barely resist.
Spoiler Alert: The orc priest can smite you!
The orc priest begins to cast a cantrip, but forgets the words!
The orc priest calls down the wrath of Beogh upon you.
Beogh smites you!
You take 13 damage, and have 15/28 hp.
MASSIVE DAMAGE!!
You are too injured to fight recklessly!
You are too injured to fight recklessly!
Spoiler Alert: The orc priest can smite you!
You hit the orc priest.
The orc priest is lightly wounded.
The orc priest completely misses you.
You barely miss the orc priest.
The orc priest is lightly wounded.
The orc priest hits you with a +0 club.
Spoiler Alert: The orc priest can smite you!
You take 1 damage, and have 14/28 hp.
Your ring mail prevents you from hitting the orc priest.
The orc priest is lightly wounded.
The orc priest miscasts a cantrip.
You barely miss the orc priest.
The orc priest is lightly wounded.
The orc priest hits you but does no damage.
Spoiler Alert: The orc priest can smite you!
You hit the orc priest.
The orc priest is severely wounded.
The orc priest calls down the wrath of Beogh upon you.
Beogh smites you!
Ouch! That really hurt!
You die...

##....#.#.#...# # #...
#..#..####...# ##.#...
#...#...##....###......
#.#.#.##..#.#.#..#... #
#.#.#####..#.##..#... #.
#...# #..#..# #..####
#..##...####..#.###..#
#..#..#..#.#.....##..#
....###@....8.8.....# ##
##.#..#o.#.#.....##รท.###.
#.##...####..#.###......
##.#...# #$.#..# #......
#.#.#[#####..#. #......
#.#.#.#.##..#.#.#..###.
#...#...##....###..# #.
##..#.K####.. #..# ##
##....#.# #..#


You could see an orc priest.

Vanquished Creatures
  A worm (D:2)
  4 orcs (D:2)
  3 endoplasms
  2 hobgoblins (D:2)
  A quokka (D:2)
  4 ball pythons
  3 bats (D:2)
  5 frilled lizards (D:1)
  2 goblins
  A kobold (D:2)
  3 rats
29 creatures vanquished.

Vanquished Creatures (others)
  4 toadstools (D:1)
4 creatures vanquished.

Grand Total: 33 creatures vanquished

Notes
Turn   | Place    | Note
-------+----------+-------------------------------------------
     0 | D:1      | packetloss the Gnoll Wanderer began the quest for the Orb.
     0 | D:1      | packetloss set off with the following items: a +2 falchion,
                  | a potion of lignification, 11 poisoned darts, a +0 dagger,
                  | a +0 robe
     0 | D:1      | Reached XP level 1. HP: 17/17 MP: 1/1
   145 | D:1      | Found Ylausuck's Magic Scroll Boutique.
   147 | D:1      | Found Egos's Antique Weapon Shop.
   189 | D:1      | Found Mowih's Assorted Antiques.
   552 | D:1      | Reached XP level 2. HP: 22/23 MP: 2/2
   567 | D:1      | Found Asorodd's Jewellery Shop.
   664 | D:1      | Found a faded altar of an unknown god.
  1459 | D:2      | HP: 3/23 [kobold (5)]
  1855 | D:2      | Reached XP level 3. HP: 28/28 MP: 3/3
  2334 | D:2      | Killed from afar by an orc priest

Illustrated notes

Levels and vault maps discovered:
D:1:      ldierk_walled_garden_2, layout_basic, serial_shops, shop, shop,
          shop_fountains, shop, ebering_ecumenical_altar_mist,
          minmay_tiny_reverse_x
D:2:      wad_crossroads, layout_basic, basic_altar, minmay_pentomino_x4

Action                   || total
-------------------------++-------
Melee: Falchion          ||    83
       Bite              ||     5
 Stab: Sleeping          ||     5
Armor: Robe              ||     3
       Ring mail         ||    18
Dodge: Dodged            ||    50
       Rpst.: Falchion   ||    12
